 Dungeon Crawl Stone Soup version 0.23-b1-6-ga921848b48 (webtiles) character file.

Game seed: 3722500924341866446

1712 Cykl0x the Cleaver (level 8, -12/72 HPs)
             Began as a Deep Dwarf Fighter on Feb 1, 2019.
             Was a Follower of Makhleb.
             Mangled by a two-headed ogre
             ... wielding a +0 giant club
              (24 damage)
             ... on level 6 of the Dungeon.
             The game lasted 00:20:52 (4345 turns).

Cykl0x the Cleaver (Deep Dwarf Fighter)             Turns: 4345, Time: 00:20:53

Health: -12/72     AC: 14    Str: 22    XL:     8   Next: 74%
Magic:  8/9        EV: 10    Int:  9    God:    Makhleb [*.....]
Gold:   306        SH: 15    Dex: 13    Spells: 7/7 levels left

rFire    . . .     SeeInvis .   a - +1 war axe
rCold    . . .     Gourm    .   c - +1 shield
rNeg     + . .     Faith    .   b - +0 scale mail
rPois    +         Spirit   .   j - +0 helmet
rElec    .         Reflect  .   z - +2 ratskin cloak {+Rats rPois rN+ Str-1 Int-1 Dex+1}
rCorr    .         Harm     .   g - -1 pair of gloves (curse)
MR       +....                  (no boots)
Stlth    ..........             (no amulet)
HPRegen  0.00/turn              (no ring)
MPRegen  0.11/turn              (no ring)

@: non-regenerating
A: damage resistance, heal wounds, large bone plates 1, yellow scales 1, sense
surroundings 1, strong 1, no regeneration
a: Heal Wounds, Renounce Religion, Evoke Ratskin


You were on level 6 of the Dungeon.
You worshipped Makhleb.
Makhleb was aware of your devotion.
You were not hungry.

You visited 2 branches of the dungeon, and saw 7 of its levels.
You also visited: Sewer and Ossuary.

You collected 306 gold pieces.

Inventory:

Hand Weapons
 a - a +1 war axe (weapon)
Armour
 b - a +0 scale mail (worn)
 c - a +1 shield (worn)
 g - a cursed -1 pair of gloves (worn)
 j - a +0 helmet (worn)
 z - the +2 ratskin cloak (worn) {+Rats rPois rN+ Str-1 Int-1 Dex+1}
   (You found it on level 5 of the Dungeon)

   It affects your strength (-1).
   It affects your intelligence (-1).
   It affects your dexterity (+1).
   It protects you from poison.
   It protects you from negative energy.
Scrolls
 e - a scroll of magic mapping
 i - 5 scrolls of remove curse
 m - 5 scrolls of teleportation
 p - a scroll of blinking
Potions
 d - 7 potions of might
 h - 2 potions of lignification
 k - 9 potions of curing
 l - 5 potions of flight
 n - 3 potions of ambrosia
 o - 3 potions of magic
 r - a potion of berserk rage
 s - 2 potions of heal wounds
 u - a potion of agility
 v - 2 potions of brilliance
 w - a potion of cancellation
Comestibles
 f - 8 rations
 x - 6 chunks of flesh


   Skills:
 + Level 4.1 Fighting
 * Level 9.2 Axes
 + Level 5.1 Armour
 * Level 4.3 Dodging
 + Level 0.9 Stealth
 + Level 5.1 Shields
 * Level 1.4 Invocations
 * Level 0.8 Evocations


You had 7 spell levels left.
You didn't know any spells.
Your spell library was empty.

Dungeon Overview and Level Annotations

Branches:
Dungeon (6/15)             Temple (1/1) D:5

Altars:
Ashenzari
Cheibriados
Dithmenos
Elyvilon
Fedhas
Gozag
Hepliaklqana
Makhleb
Nemelex Xobeh
Okawaru
Qazlal
Ru
Sif Muna
Trog
Uskayaw
Vehumet
Wu Jian
Xom
Yredelemnul
The Shining One

Shops:
D:4 :   D:5 (

Annotations:
D:5 2 transporters
D:6 Prince Ribbit


Innate Abilities, Weirdness & Mutations

You are resistant to damage.
You can heal yourself by infusing magical energy.
You passively map a small area around you.
You do not regenerate.
You are partially covered in large bone plates. (SH +4)
You are partially covered in yellow scales. (AC +2)
Your muscles are strong. (Str +2)


Message History

You slash the two-headed ogre!
The two-headed ogre is moderately wounded.
Your shield and scale mail prevent you from hitting the giant cockroach.
You hit the bullfrog.
The giant cockroach bites you but does no damage.
The orc priest calls down the wrath of Beogh upon you.
Beogh smites you! You block the bullfrog's attack.
The two-headed ogre hits you with a +0 giant club!
* * * LOW HITPOINT WARNING * * *
The two-headed ogre hits you with a +0 dire flail of protection!
* * * LOW HITPOINT WARNING * * *
You slice the two-headed ogre!!
The two-headed ogre is severely wounded.
You slash the giant cockroach!
You kill the giant cockroach!
Makhleb accepts your kill.
You closely miss the bullfrog. You block the bullfrog's attack.
The bullfrog hits you but does no damage.
The two-headed ogre hits you with a +0 giant club!!
You die...

....>........ #.# #.#.##
..5......... * ⌠.###.⌠.#
...........### #.#.#.## ,
...........#?#♣ ##.#.#.#
..........#.⌠.# #.♣.###. ,
....FF5o...#, ##♣#.#.#.# * * ,
#c##.####.#.#.#.##
#...#OF...##.⌠.###.8.#
#...#@####.##.#.#.#.##
#.#FF........#.....#.. ,
#.#.#.###......##....#
####.#...##.....#.##.#### * *
#....##..##.....#........
#.#..##..##.....#........ #
#.#.....>.......#........ ##
####....##.........#........
.#####......###.....###.#.#######


You could see a two-headed ogre, Prince Ribbit, 2 bullfrogs, a centaur, an orc
priest and a crimson imp.

Vanquished Creatures
  An ice beast (D:6)
  4 ogres (D:5)
  A phantom (D:5)
  A sky beast (D:5)
  2 big kobolds (Sewer)
  A scorpion (D:5)
  A crimson imp (D:5)
  A jelly (D:5)
  4 human zombies (Ossuary)
  2 centaur zombies
  A hound (D:5)
  A hell rat (D:5)
  An orc wizard (D:6)
  3 worker ants
  2 big kobold zombies (Ossuary)
  4 mummies
  12 river rats
  12 adders
  A howler monkey skeleton (D:4)
  3 oozes
  6 adder zombies (Ossuary)
  An adder skeleton (D:6)
  3 worms (D:2)
  3 dart slugs
  6 leopard geckos
  9 orcs
  6 ball pythons
  10 giant cockroaches
  2 gnoll zombies (Ossuary)
  8 goblins
  5 hobgoblins
  2 jackals (D:4)
  5 quokkas
  4 bats
  8 frilled lizards
  5 goblin zombies (Ossuary)
  A hobgoblin zombie (D:5)
  A jackal skeleton (D:4)
  2 jackal zombies (Ossuary)
  18 kobolds
  3 kobold zombies (Ossuary)
  3 orc zombies
  A quokka skeleton (D:4)
  3 quokka zombies (Ossuary)
  38 rats
  3 rat zombies (Ossuary)
214 creatures vanquished.

Notes
Turn   | Place    | Note
-------+----------+-------------------------------------------
     0 | D:1      | Cykl0x the Deep Dwarf Fighter began the quest for the Orb.
     0 | D:1      | Reached XP level 1. HP: 20/20 MP: 1/1
   233 | D:1      | Reached XP level 2. HP: 20/27 MP: 2/2
   567 | D:1      | Reached skill level 3 in Axes
   588 | D:1      | Reached XP level 3. HP: 33/33 MP: 3/3
   917 | D:2      | Reached XP level 4. HP: 18/42 MP: 4/4
   958 | D:2      | Reached skill level 1 in Dodging
  1295 | D:3      | Reached skill level 4 in Axes
  1377 | D:3      | Found an ornate altar of the Wu Jian Council.
  1536 | D:4      | Reached XP level 5. HP: 44/49 MP: 5/5
  1555 | D:4      | Found Faxzes's Book Shoppe.
  2166 | D:4      | Found a snail-covered altar of Cheibriados.
  2221 | D:4      | Found a stormy altar of Qazlal.
  2244 | D:4      | Found a basalt altar of Yredelemnul.
  2253 | D:4      | Found a white marble altar of Elyvilon.
  2279 | D:5      | Entered Level 5 of the Dungeon
  2335 | D:5      | Noticed an ogre
  2337 | D:5      | Reached skill level 5 in Axes
  2337 | D:5      | Reached XP level 6. HP: 29/56 MP: 6/6
  2339 | D:5      | Noticed a sky beast
  2350 | D:5      | Killed a sky beast
  2400 | D:5      | Found a glowing drain.
  2419 | Sewer    | Entered a sewer
  2482 | Sewer    | Reached skill level 6 in Axes
  2482 | Sewer    | Reached XP level 7. HP: 29/62 MP: 7/7
  2858 | D:5      | Found a sand-covered staircase.
  2867 | Ossuary  | Entered an ossuary
  2926 | Ossuary  | Reached skill level 7 in Axes
  3231 | Ossuary  | Reached XP level 8. HP: 46/70 MP: 8/8
  3436 | D:5      | Found Bikhlin's Weapon Shoppe.
  3482 | D:5      | Reached skill level 8 in Axes
  3482 | D:5      | Reached skill level 5 in Armour
  3499 | D:5      | Found a radiant altar of Vehumet.
  3501 | D:5      | Noticed a gargoyle
  3505 | D:5      | Reached skill level 5 in Shields
  3524 | D:5      | Found a staircase to the Ecumenical Temple.
  3543 | Temple   | Entered the Ecumenical Temple
  3573 | Temple   | Became a worshipper of Makhleb the Destroyer
  3708 | D:5      | Found a transporter.
  3717 | D:5      | Found a transporter.
  3924 | D:5      | Found the +2 ratskin cloak {+Rats rPois rN+ Str-1 Int-1
                  | Dex+1}
  3938 | D:5      | Reached skill level 9 in Axes
  4243 | D:6      | Gained mutation: Your muscles are strong. (Str +2) [potion
                  | of mutation]
  4243 | D:6      | Gained mutation: You are partially covered in large bone
                  | plates. (SH +4) [potion of mutation]
  4243 | D:6      | Gained mutation: You are partially covered in yellow
                  | scales. (AC +2) [potion of mutation]
  4267 | D:6      | Reached * piety under Makhleb
  4327 | D:6      | Noticed Prince Ribbit
  4330 | D:6      | Noticed a two-headed ogre
  4342 | D:6      | Reached skill level 1 in Invocations
  4345 | D:6      | Mangled by a two-headed ogre

Skill      XL: |  1  2  3  4  5  6  7  8 |
---------------+-------------------------+-----
Axes           | 3 4 5 6 7 9 |  9.2
Fighting       | 3 4 |  4.1
Dodging        | 1 2 3 4 |  4.3
Armour         | 4 5 |  5.1
Shields        | 4 5 |  5.1
Invocations    | 1 |  1.4
Stealth        | |  0.9
Evocations     | |  0.8

Action                   |  1- 3 |  4- 6 |  7- 9 || total
-------------------------+-------+-------+-------++-------
Melee: War axe           |   113 |   200 |   352 ||   665
 Abil: Heal Wounds       |     1 |     3 |     8 ||    12
  Use: Scroll            |     6 |     8 |     8 ||    22
       Potion            |       |       |     2 ||     2
  Eat: Chunk             |       |     6 |     3 ||     9
       Ration            |       |       |     1 ||     1
Armor: Scale mail        |    53 |    94 |   112 ||   259
Dodge: Dodged            |    32 |    70 |   122 ||   224
Block: Shield            |    69 |   134 |   212 ||   415
